 Dungeon Crawl Stone Soup version 0.26-a0-663-g36e8fdb655 (webtiles) character file.

Game seed: 5885909383056601890

95 marklar909 the Skirmisher (level 4, -4/37 HPs)
             Began as a Formicid Monk on Oct 12, 2020.
             Killed by divine providence
             ... invoked by an orc priest
              (16 damage)
             ... on level 3 of the Dungeon.
             The game lasted 00:03:44 (2770 turns).

marklar909 the Skirmisher (Formicid Monk)           Turns: 2770, Time: 00:03:45

Health: -4/37      AC:  6    Str: 17    XL:     4   Next: 97%
Magic:  4/4        EV: 16    Int:  9    God:
Gold:   136        SH:  5    Dex: 13    Spells: 3/3 levels left

rFire    . . .     SeeInvis +   a - +0 mace
rCold    . . .     Faith    .   (no shield)
rNeg     . . .     Spirit   .   p - +0 ring mail
rPois    .         Reflect  +   (helmet unavailable)
rElec    .         Harm     .   (no cloak)
rCorr    .         Rampage  .   (no gloves)
MR       .....                  n - +0 pair of boots
Stlth    +.........             l - amulet of reflection
HPRegen  0.12/turn              m - +4 ring of evasion
MPRegen  0.09/turn              (no ring)

@: no status effects
A: permanent stasis, dig shafts and tunnels, four strong arms, antennae 3
a: Dig, Shaft Self


You were on level 3 of the Dungeon.
You visited 1 branch of the dungeon, and saw 3 of its levels.

You collected 136 gold pieces.

Inventory:

Hand Weapons
 a - a +0 mace (weapon)
Missiles
 c - 3 poisoned darts (quivered)
Armour
 n - a +0 pair of boots (worn)
 p - a +0 ring mail (worn)
Jewellery
 l - an amulet of reflection (around neck)
 m - a +4 ring of evasion (left hand)
Scrolls
 j - a scroll of remove curse
Potions
 e - 2 potions of haste {unknown}
 f - 2 potions of heal wounds {unknown}
 i - a potion of resistance {unknown}
 o - a potion of brilliance {unknown}


   Skills:
 + Level 3.8 Fighting
 + Level 3.7 Maces & Flails
 + Level 1.9 Throwing
 + Level 3.3 Dodging
 + Level 2.7 Stealth


You had 3 spell levels left.
You didn't know any spells.
Your spell library was empty.

Dungeon Overview and Level Annotations

Branches:
Dungeon (3/15)

Altars:
Ashenzari


Innate Abilities, Weirdness & Mutations

You cannot be hasted, slowed, berserked, paralysed or teleported.
You can dig through walls and to a lower floor.
Your four strong arms can wield two-handed weapons with a shield.
You have a pair of large antennae on your head. (SInv)


Message History

You throw a poisoned dart.
The poisoned dart barely misses the orc priest.
The orc priest calls down the wrath of Beogh upon you.
Beogh smites you!
Throwing (i - inventory)
c - 4 poisoned darts (quivered)
Press: ? - help, Shift-Dir - straight line, f/p - orc priest
Aim: an orc priest, wielding a +0 hand axe and wearing a +0 leather armour (moderately wounded, poisoned)
You throw a poisoned dart. The poisoned dart hits the orc priest.
The orc priest looks even sicker.
The orc priest is moderately wounded.
The orc priest mumbles some strange prayers to Beogh against you.
Beogh smites you!
You closely miss the orc priest.
The orc priest is moderately wounded.
You block the orc priest's attack.
You completely miss the orc priest.
The orc priest is moderately wounded.
The orc priest invokes the aid of Beogh against you.
Beogh smites you!
You die...

########o....#
####..#####
##.#.#.#
#.#..#.#
#.####.#
##.#...#
#.##.#†#
##o#.###
##@#.# +..<.#
###.## #.# #.#
..# ###


You could see an orc priest (very poisoned).

Vanquished Creatures
  3 adders (D:2)
  An ooze (D:2)
  A worm (D:2)
  A dart slug (D:3)
  2 leopard geckos (D:2)
  5 orcs (D:3)
  8 giant cockroaches
  4 goblins
  6 hobgoblins
  5 kobolds
  4 bats
  4 frilled lizards
  9 rats
53 creatures vanquished.

Notes
Turn   | Place    | Note
-------+----------+-------------------------------------------
     0 | D:1      | marklar909 the Formicid Monk began the quest for the Orb.
     0 | D:1      | Reached XP level 1. HP: 18/18 MP: 1/1
   283 | D:1      | Reached XP level 2. HP: 17/24 MP: 2/2
   924 | D:1      | Reached XP level 3. HP: 21/29 MP: 3/3
  1582 | D:2      | Found a broken altar of Ashenzari.
  1629 | D:2      | Reached skill level 1 in Throwing
  1629 | D:2      | Reached XP level 4. HP: 29/37 MP: 4/4
  2770 | D:3      | Killed from afar by an orc priest

Illustrated notes

Levels and vault maps discovered:
D:1:      sevenhm_arrival_forest_fort_small_4, layout_basic
D:2:      layout_loops_cross, evilmike_ruin_ashenzari
D:3:      layout_basic, bloody_trog, old_standard_altar, minmay_close_crescents

Skill      XL: |  1  2  3 |
---------------+----------+-----
Dodging        | 3 |  3.3
Throwing       | 1 |  1.9
Fighting       | |  3.8
Maces & Flails | |  3.7
Stealth        | |  2.7

Action                   |  1- 3 |  4- 6 || total
-------------------------+-------+-------++-------
Melee: Mace              |    89 |    63 ||   152
Throw: Dart              |    61 |    22 ||    83
 Abil: Dig               |       |     1 ||     1
  Use: Scroll            |       |     5 ||     5
 Stab: Sleeping          |     1 |     3 ||     4
Armor: Robe              |    25 |     5 ||    30
       Ring mail         |       |     5 ||     5
Dodge: Dodged            |    88 |    42 ||   130
Block: Other             |       |     9 ||     9

Table legend: (Time is in decaauts)
 A = Elapsed time spent in this place.
 B = Non-inter-level travel time spent in this place.
 C = Inter-level travel time spent in this place.
 D = Time resting spent in this place.
 E = Time spent auto-exploring this place.
 F = Levels seen in this place.
 G = Mean time per level.
                   A        B        C        D        E       F      G
               +--------+--------+--------+--------+--------+-----+--------+
         Total |   2813 |   2728 |     85 |    633 |   1555 |   3 |  937.7 |
       Dungeon |   2813 |   2728 |     85 |    633 |   1555 |   3 |  937.7 |
               +--------+--------+--------+--------+--------+-----+--------+

Top non-repeatable levels by time:
     D:2: 1587 daAuts
     D:1: 1108 daAuts
     D:3: 116 daAuts
